Map: Celestial Bastion

Players

MagicGnome

  • Race: Zerg Zerg
  • Spawn Location: 6:00

BigBasti - Winner!

  • Race: Terran Terran
  • Spawn Location: 3:00

Sunriser

  • Race: Terran Terran
  • Spawn Location: 9:00

Nightshade

  • Race: Terran Terran
  • Spawn Location: 7:00

mentat - Winner!

  • Race: Zerg Zerg
  • Spawn Location: 1:00

Gracz - Winner!

  • Race: Terran Terran
  • Spawn Location: 12:00

AnarchyDucky

  • Race: Protoss Protoss
  • Spawn Location: 7:00

fox - Winner!

  • Race: Protoss Protoss
  • Spawn Location: 1:00

VOD

Have the link to the VOD?

Description

Time

  • Played on: May 3, 2016, 1:25 p.m.
  • Length: 3:50
Show
View Real Time Build Order
Export as new Build Order

MagicGnome Zerg 

Build Orders: Pool Only 

Get SALT Encoding   

  12  0:03  Drone  
  13  0:13  Overlord  
  13  0:25  Drone  
  14  0:31  Extractor  
  13  0:35  Spawning Pool  
  13  0:39  Extractor  
  13  0:41  Drone x3  
  9  1:14  Drone x3  
  12  1:31  Zergling x2  
  13  1:43  Drone  
  14  1:57  Zergling x4  
  14  2:50  Zergling x6  
  16  2:58  Roach Warren  
  16  3:03  Spine Crawler  
  14  3:07  Drone  
Show
View Real Time Build Order
Export as new Build Order

BigBasti Terran - Winner!

Build Orders:  

Get SALT Encoding   

  12  0:11  SCV  
  13  0:23  SCV  
Show
View Real Time Build Order
Export as new Build Order

Sunriser Terran 

Build Orders:  

Get SALT Encoding   

  12  0:02  SCV  
  13  0:19  SCV  
  14  0:24  Supply Depot  
  14  0:32  SCV  
  15  0:38  Refinery  
  15  0:46  SCV  
  16  0:54  Barracks  
  16  0:58  SCV  
  17  1:10  SCV  
  18  1:22  SCV  
  14  1:48  Marine  
  13  2:06  Marine  
  13  2:24  Marine  
  14  2:42  Marine  
  11  2:59  Marine  
  3  3:15  SCV  
  3  3:17  Marine  
  4  3:27  SCV  
Show
View Real Time Build Order
Export as new Build Order

Nightshade Terran 

Build Orders:  

Get SALT Encoding   

  12  0:11  SCV  
  13  0:23  SCV  
    2:45  SCV  
  1  2:57  SCV  
  2  3:09  SCV  
  3  3:21  SCV  
  4  3:33  SCV  
Show
View Real Time Build Order
Export as new Build Order

mentat Zerg - Winner!

Build Orders: 3 Hatch before Pool 

Get SALT Encoding   

  12  0:01  Drone  
  13  0:14  Overlord  
  13  0:20  Drone  
  14  0:32  Drone x2  
  16  0:36  Drone  
  17  0:47  Drone  
  18  1:01  Drone  
  19  1:06  Hatchery  
  18  1:11  Drone  
  19  1:29  Hatchery  
  18  1:36  Drone x2  
  18  1:38  Extractor  
  19  1:46  Spawning Pool  
  18  1:56  Drone  
  18  1:57  Drone  
  20  2:04  Drone  
  21  2:09  Evolution Chamber  
  21  2:13  Overlord  
  20  2:28  Drone x2  
  22  2:33  Queen  
  24  2:42  Queen  
  24  2:43  Drone x2  
  24  2:44  Drone  
  29  2:52  Drone  
  30  3:00  Drone x2  
  32  3:07  Drone x3  
  32  3:08  Drone  
  36  3:21  Zergling x4  
  36  3:22  Zergling x4  
  40  3:31  Zergling x4  
  42  3:40  Extractor  
Show
View Real Time Build Order
Export as new Build Order

Gracz Terran - Winner!

Build Orders:  

Get SALT Encoding   

  12  0:01  SCV  
  13  0:14  SCV  
  14  0:31  Supply Depot  
  14  0:34  Supply Depot  
  14  0:43  SCV  
  15  0:56  SCV  
  16  1:08  SCV  
  16  1:20  SCV  
  17  1:32  SCV  
  15  2:49  Barracks  
  15  2:51  Barracks  
  15  2:54  SCV  
Show
View Real Time Build Order
Export as new Build Order

AnarchyDucky Protoss 

Build Orders:  

Get SALT Encoding   

  12  0:05  Probe (Chrono Boost)  
  13  0:15  Probe (Chrono Boost)  
  14  0:24  Assimilator  
  14  0:26  Probe (Chrono Boost)  
  15  0:37  Pylon  
  15  0:44  Pylon  
  15  0:56  Probe (Chrono Boost)  
  16  1:04  Gateway  
  16  1:06  Forge, Probe (Chrono Boost)  
  17  1:11  Assimilator  
  17  1:17  Probe (Chrono Boost)  
  13  1:28  Probe (Chrono Boost)  
  6  1:39  Probe (Chrono Boost)  
  3  1:49  Probe (Chrono Boost)  
  4  2:00  Probe (Chrono Boost)  
  4  2:10  Probe (Chrono Boost)  
Show
View Real Time Build Order
Export as new Build Order

fox Protoss - Winner!

Build Orders:  

Get SALT Encoding   

  12  0:03  Probe (Chrono Boost)  
  13  0:13  Probe (Chrono Boost)  
  14  0:24  Probe (Chrono Boost)  
  14  0:26  Pylon  
  15  0:44  Probe (Chrono Boost)  
  16  0:54  Probe (Chrono Boost)  
  16  0:56  Assimilator  
  17  1:00  Assimilator, Pylon  
  17  1:05  Probe (Chrono Boost)  
  18  1:49  Probe (Chrono Boost)  
  19  2:00  Probe (Chrono Boost)  
  20  2:10  Probe (Chrono Boost)  
  21  2:21  Probe (Chrono Boost)  
  22  2:32  Probe (Chrono Boost)  
  23  2:42  Probe (Chrono Boost)  
  23  2:53  Probe (Chrono Boost)  
  15  3:25  Probe (Chrono Boost)  
  14  3:35  Probe (Chrono Boost)  
Tags
 
Add a new tag
Caveats
  • Supply blocks, unpowered buildings, or Contaminate may cause inaccurate times.
  • Supply counts are checked every 10 seconds.